 Dungeon Crawl Stone Soup version 0.25-a0-1130-g3926558f3a (webtiles) character file.

Game seed: 16932820505115719938, levelgen mode: deterministic

311 MisterFreud the Stinger (level 6, -2/44 HPs)
             Began as a Gnoll Venom Mage on May 19, 2020.
             Slain by an ogre
             ... wielding a +0 giant spiked club
              (24 damage)
             ... on level 4 of the Dungeon.
             The game lasted 00:05:21 (3863 turns).

MisterFreud the Stinger (Gnoll Venom Mage)          Turns: 3863, Time: 00:05:22

Health: -2/44      AC:  5    Str: 10    XL:     6   Next: 42%
Magic:  8/14       EV: 15    Int: 20    God:
Gold:   244        SH:  0    Dex: 15    Spells: 14/15 levels left

rFire    + . .     SeeInvis .   j - +0 whip (elec)
rCold    x . .     Gourm    .   (no shield)
rNeg     . . .     Faith    .   a - +0 robe
rPois    .         Spirit   .   (no helmet)
rElec    .         Reflect  .   v - +0 cloak (curse)
rCorr    .         Harm     .   r - +1 pair of gloves
MR       .....                  (no boots)
Stlth    +++.......             (no amulet)
HPRegen  0.14/turn              (no ring)
MPRegen  0.14/turn              n - ring of fire

@: no status effects
A: distributed training, fangs 1, strong nose
a: no special abilities


You were on level 4 of the Dungeon.
You were not hungry.

You visited 1 branch of the dungeon, and saw 4 of its levels.

You collected 244 gold pieces.

Inventory:

Hand Weapons
 e - a +4 quarterstaff of chaos
 f - a +0 club
 j - a +0 whip of electrocution (weapon)
Missiles
 b - 169 stones (quivered)
 h - 3 poisoned darts
 k - 23 sling bullets
 p - 29 bolts
 s - 19 arrows
Armour
 a - a +0 robe (worn)
 r - a +1 pair of gloves (worn)
 t - a +0 kite shield
 v - a cursed +0 cloak (worn)
Jewellery
 n - a ring of fire (right hand)
Scrolls
 d - 2 scrolls of remove curse
 i - 3 scrolls of identify {unknown}
 m - a scroll of fear {unknown}
 o - 5 scrolls of teleportation {unknown}
Potions
 g - a potion of cancellation {unknown}
 l - a potion of haste {unknown}
 q - a potion of curing {unknown}
Comestibles
 c - 8 rations


   Skills:
 + Level 1.9 Fighting
 + Level 1.9 Short Blades
 + Level 1.9 Long Blades
 + Level 1.9 Axes
 + Level 1.9 Maces & Flails
 + Level 1.9 Polearms
 + Level 1.9 Staves
 + Level 1.9 Slings
 + Level 1.9 Bows
 + Level 1.9 Crossbows
 + Level 1.9 Throwing
 + Level 1.9 Armour
 + Level 5.0 Dodging
 + Level 4.6 Stealth
 + Level 1.9 Shields
 + Level 1.9 Unarmed Combat
 + Level 5.3 Spellcasting
 + Level 1.5 Conjurations
 + Level 1.5 Hexes
 + Level 1.5 Charms
 + Level 1.5 Summonings
 + Level 1.5 Necromancy
 + Level 1.5 Translocations
 + Level 2.6 Transmutations
 + Level 1.5 Fire Magic
 + Level 1.5 Ice Magic
 + Level 1.5 Air Magic
 + Level 1.5 Earth Magic
 + Level 5.6 Poison Magic
 + Level 2.1 Invocations
 + Level 1.9 Evocations


You had 14 spell levels left.
You knew the following spells:

 Your Spells              Type           Power        Failure   Level  Hunger
a - Sting                 Tmut/Pois      ###.         1%          1    None

Your spell library contained the following spells:

 Spells                   Type           Power        Failure   Level  Hunger
 Poisonous Vapours        Pois/Air       ###...       3%          2    None
 Animate Skeleton         Necr           N/A          6%          1    None
 Apportation              Tloc           ##....       6%          1    None
 Corona                   Hex            ##.....      6%          1    None
 Summon Small Mammal      Summ           ##..         6%          1    None
 Ignite Poison            Fire/Tmut/Pois ####....     9%          3    ##.....
 Mephitic Cloud           Conj/Pois/Air  ###.....     11%         3    ##.....
 Olgreb's Toxic Radiance  Pois           ####....     11%         4    ####...
 Confusing Touch          Hex            ##......     19%         3    ##.....
 Gell's Gravitas          Tloc           ##........   19%         3    ##.....
 Petrify                  Tmut/Erth      ##......     43%         4    ####...
 Yara's Violent Unravell  Hex/Tmut       ##........   78%         5    #####..
 Metabolic Englaciation   Hex/Ice        ##........   86%         5    #####..


Dungeon Overview and Level Annotations

Branches:
Dungeon (4/15)
 Temple: D:4-7

Altars:
Elyvilon
Gozag
Nemelex Xobeh
Uskayaw
Xom


Innate Abilities, Weirdness & Mutations

Your experience applies equally to all skills.
You have very sharp teeth.
Your uncanny sense of smell can sniff out nearby items.


Message History

Casting: Sting (safe; 1% risk of failure)
Confirm with . or Enter, or press ? or * to list all spells.
Aiming: Sting (safe; 1% risk of failure)
Press: ? - help, Shift-Dir - straight line, f/p - ogre
Aim: an ogre, wielding a +0 giant spiked club (poisoned)
The sting hits the ogre!
The ogre looks even sicker.
The ogre is moderately wounded.
Casting: Sting (safe; 1% risk of failure)
Confirm with . or Enter, or press ? or * to list all spells.
Aiming: Sting (safe; 1% risk of failure)
Press: ? - help, Shift-Dir - straight line, f/p - ogre
Aim: an ogre, wielding a +0 giant spiked club (moderately wounded, very poisoned)
The sting hits the ogre.
The ogre looks even sicker.
The ogre is moderately wounded.
The ogre hits you with a +0 giant spiked club!!
Ouch! That really hurt!
The ogre misses you.
The ogre hits you with a +0 giant spiked club!!
Ouch! That really hurt!
You die...

+......+
#......########
#..?...#......#
..#......#......#
....$...........#
∆
.......<........#
................#
............O...#
...........@..###
...........)..#
..............#
...####+#.....#
... #.....#
#######


You could see an ogre (very poisoned).

Vanquished Creatures
  Sigmund (D:3)
  A hound (D:4)
  Crazy Yiuf (D:3)
  2 adders (D:3)
  An ooze (D:1)
  2 worms
  A dart slug (D:3)
  2 leopard geckos
  2 orcs (D:3)
  A ball python (D:1)
  5 giant cockroaches
  8 goblins
  5 hobgoblins
  2 quokkas (D:2)
  12 bats
  6 frilled lizards
  8 kobolds
  A rat (D:3)
61 creatures vanquished.

Notes
Turn   | Place    | Note
-------+----------+-------------------------------------------
     0 | D:1      | MisterFreud the Gnoll Venom Mage began the quest for the
                  | Orb.
     0 | D:1      | Reached XP level 1. HP: 13/13 MP: 6/6
   145 | D:1      | Reached XP level 2. HP: 19/19 MP: 4/7
  1123 | D:2      | Reached XP level 3. HP: 25/25 MP: 7/9
  1188 | D:2      | Found a white marble altar of Elyvilon.
  1246 | D:2      | Reached skill level 5 in Spellcasting
  1947 | D:2      | Reached skill level 1 in Invocations
  2171 | D:2      | Found a sparkling altar of Nemelex Xobeh.
  2171 | D:2      | Found an opulent altar of Gozag.
  2442 | D:3      | Reached skill level 1 in Fighting
  2442 | D:3      | Reached skill level 1 in Short Blades
  2442 | D:3      | Reached skill level 1 in Long Blades
  2442 | D:3      | Reached skill level 1 in Axes
  2442 | D:3      | Reached skill level 1 in Maces & Flails
  2442 | D:3      | Reached skill level 1 in Polearms
  2442 | D:3      | Reached skill level 1 in Staves
  2442 | D:3      | Reached skill level 1 in Slings
  2442 | D:3      | Reached skill level 1 in Bows
  2442 | D:3      | Reached skill level 1 in Crossbows
  2442 | D:3      | Reached skill level 1 in Throwing
  2442 | D:3      | Reached skill level 1 in Armour
  2442 | D:3      | Reached skill level 1 in Shields
  2442 | D:3      | Reached skill level 1 in Unarmed Combat
  2442 | D:3      | Reached skill level 1 in Evocations
  2525 | D:3      | Reached XP level 4. HP: 32/32 MP: 8/11
  2739 | D:3      | Found a runed translucent door.
  2740 | D:3      | Noticed Crazy Yiuf
  2962 | D:3      | Found a shimmering altar of Xom.
  3179 | D:3      | Found a hide-covered altar of Uskayaw.
  3258 | D:3      | Noticed Sigmund
  3273 | D:3      | Killed Sigmund
  3273 | D:3      | Reached skill level 1 in Conjurations
  3273 | D:3      | Reached skill level 1 in Hexes
  3273 | D:3      | Reached skill level 1 in Charms
  3273 | D:3      | Reached skill level 1 in Summonings
  3273 | D:3      | Reached skill level 1 in Necromancy
  3273 | D:3      | Reached skill level 1 in Translocations
  3273 | D:3      | Reached skill level 1 in Fire Magic
  3273 | D:3      | Reached skill level 1 in Ice Magic
  3273 | D:3      | Reached skill level 1 in Air Magic
  3273 | D:3      | Reached skill level 1 in Earth Magic
  3273 | D:3      | Reached XP level 5. HP: 20/38 MP: 3/12
  3273 | D:3      | Reached XP level 6. HP: 23/44 MP: 3/13
  3579 | D:3      | Killed Crazy Yiuf
  3845 | D:4      | Reached skill level 5 in Dodging
  3863 | D:4      | Slain by an ogre

Illustrated notes

Levels and vault maps discovered:
D:1:      lightli_arrival_isolated_outpost, layout_basic, minmay_liquid_box,
          minivault_19
D:2:      layout_basic, grunt_temple_overflow_opulence, minivault_19,
          elyvilon_altar_4
D:3:      layout_loops_ring, old_standard_altar, lemuel_crystal_altar,
          first_ration, minmay_joined_circles, uniq_sigmund,
          uniq_crazy_yiuf_cottage
D:4:      layout_basic, minmay_temple_entry_glass, gammafunk_ghost_smash

Skill      XL: |  1  2  3  4  5  6 |
---------------+-------------------+-----
Transmutations | 2 |  2.6
Spellcasting   | 5 |  5.3
Invocations    | 1 2 |  2.1
Fighting       | 1 |  1.9
Short Blades   | 1 |  1.9
Long Blades    | 1 |  1.9
Axes           | 1 |  1.9
Maces & Flails | 1 |  1.9
Polearms       | 1 |  1.9
Staves         | 1 |  1.9
Slings         | 1 |  1.9
Bows           | 1 |  1.9
Crossbows      | 1 |  1.9
Throwing       | 1 |  1.9
Armour         | 1 |  1.9
Shields        | 1 |  1.9
Unarmed Combat | 1 |  1.9
Evocations     | 1 |  1.9
Conjurations   | 1 |  1.5
Hexes          | 1 |  1.5
Charms         | 1 |  1.5
Summonings     | 1 |  1.5
Necromancy     | 1 |  1.5
Translocations | 1 |  1.5
Fire Magic     | 1 |  1.5
Ice Magic      | 1 |  1.5
Air Magic      | 1 |  1.5
Earth Magic    | 1 |  1.5
Dodging        | 5 |  5.0
Stealth        | |  4.6
Poison Magic   | |  5.6

Action                   |  1- 3 |  4- 6 || total
-------------------------+-------+-------++-------
Melee: Club              |     5 |       ||     5
       Bite              |     6 |     3 ||     9
       Whip              |    33 |    33 ||    66
Throw: Stone             |     1 |       ||     1
 Cast: Sting             |    49 |    32 ||    81
  Use: Scroll            |     1 |       ||     1
  Eat: Chunk             |     5 |     4 ||     9
Armor: Robe              |    14 |    11 ||    25
Dodge: Dodged            |    55 |    36 ||    91

Table legend:
 A = Non-vault XP
 B = Vault XP
 C = Vault XP percentage of total XP
 D = Non-vault monster count
 E = Vault monster count
 F = Vault count percentage of total count
                 A         B        C        D         E       F
            +---------+---------+-------+---------+---------+-------
      Total |     154 |     291 |  65.4 |      46 |      15 |  24.6
            +---------+---------+-------+---------+---------+-------
        D:1 |      32 |       0 |   0.0 |      16 |       0 |   0.0
        D:2 |      35 |       0 |   0.0 |      18 |       0 |   0.0
        D:3 |      43 |     291 |  87.1 |      10 |      15 |  60.0
        D:4 |      44 |       0 |   0.0 |       2 |       0 |   0.0
            +---------+---------+-------+---------+---------+-------
